 Dungeon Crawl Stone Soup version 0.17-a0-1798-g879a7aa (webtiles) character file.

66627 Medar the Destroyer (level 15, -3/90 HPs)
             Began as an Octopode Transmuter on Sept 10, 2015.
             Was a High Priest of Vehumet.
             Slain by a five-headed hydra (14 damage)
             ... on level 8 of the Lair of Beasts.
             The game lasted 02:28:57 (34060 turns).

Medar the Destroyer (Octopode Transmuter)          Turns: 34060, Time: 02:28:57

Health: -3/90      AC:  1    Str:  9    XL:     15   Next: 20%
Magic:  9/30       EV: 18    Int: 21    God:    Vehumet [*****.]
Gold:   1062       SH:  0    Dex: 14    Spells: 11 memorised, 1 level left

rFire  . . .     SeeInvis .       - Unarmed
rCold  . . .     Clarity  .     (shield currently unavailable)
rNeg   . . .     SustAt   +     (helmet restricted)
rPois  +         Gourm    .     F - amulet of regeneration
rElec  .         Spirit   .     m - ring of flight
rCorr  .         Warding  .     o - ring of poison resistance
rMut   .         Stasis   .     g - ring of wizardry
MR     +....                    D - ring of sustain attributes
Stlth  +++++.....               e - +4 ring of evasion
                                (no ring)
                                (no ring)
                                (no ring)

@: blade tentacles (expiring), very slightly contaminated, studying Staves,
repel missiles, somewhat resistant to hostile enchantments, quite stealthy
A: almost no armour, amphibious, 8 rings, constrict 8, camouflage 1, gelatinous
body 1
a: End Transformation, Renounce Religion, Evoke Flight


You were on level 8 of the Lair of Beasts.
You worshipped Vehumet.
Vehumet was extremely pleased with you.
You were not hungry.
You had blades for tentacles.
You visited 4 branches of the dungeon, and saw 19 of its levels.
You also visited: Labyrinth.

You collected 1062 gold pieces.

Inventory:

Hand weapons
 b - a +1 blowgun
Missiles
 v - 91 poisoned needles
 M - 139 arrows
 O - 6 javelins (quivered)
 W - 3 curare-tipped needles
Armour
 L - a +2 buckler (melded)
Magical staves
 p - an uncursed staff of fire
 s - an uncursed staff of poison {!a}
Jewellery
 a - an uncursed amulet of resist corrosion {unknown}
 e - a +4 ring of evasion (on tentacle)
 g - a ring of wizardry (on tentacle)
 m - a ring of flight (left scythe-like blade)
 o - a ring of poison resistance (right scythe-like blade)
 x - an uncursed ring of teleportation
 D - a ring of sustain attributes (on tentacle)
 E - an uncursed amulet of the gourmand
 F - an amulet of regeneration (around mantle)
Magical devices
 C - a wand of fireball (1)
 T - a wand of polymorph (5)
 X - a wand of paralysis (12)
Scrolls
 f - a scroll of brand weapon {unknown}
 k - 2 scrolls of vulnerability
 t - 8 scrolls of remove curse {@r1}
 u - a scroll of recharging
 w - a scroll of blinking
 B - 4 scrolls of fear
 Q - 3 scrolls of teleportation
 Z - a scroll of fog
Potions
 d - 2 potions of cancellation
 h - 2 potions of brilliance
 i - 5 potions of flight
 j - 2 potions of might
 n - 4 potions of heal wounds
 r - a potion of magic
 z - a potion of resistance {unknown}
 A - a potion of curing {@q1}
 R - a potion of agility
Books
 l - a book of the Warp

   Spells                             Type                      Level
   a - Recall                         Summoning/Translocation      3
   b - Gell's Gravitas                Hexes/Translocation          3
   c - Force Lance                    Conjuration/Translocation    4
   d - Phase Shift                    Translocation                5
   e - Warp Weapon                    Charms/Translocation         5
   f - Summon Forest                  Summoning/Translocation      5
 G - a book of Minor Magic

   Spells                             Type                      Level
   a - Magic Dart                     Conjuration                  1
   b - Blink                          Translocation                2
   c - Call Imp                       Summoning                    2
   d - Repel Missiles                 Charms/Air                   2
   e - Slow                           Hexes                        2
   f - Conjure Flame                  Conjuration/Fire             3
   g - Mephitic Cloud                 Conjuration/Poison/Air       3
 J - a book of Clouds

   Spells                             Type                      Level
   a - Mephitic Cloud                 Conjuration/Poison/Air       3
   b - Conjure Flame                  Conjuration/Fire             3
   c - Poisonous Cloud                Conjuration/Poison/Air       6
   d - Freezing Cloud                 Conjuration/Ice/Air          6
   e - Ring of Flames                 Charms/Fire                  7
 K - a book of Callings

   Spells                             Type                      Level
   a - Summon Small Mammal            Summoning                    1
   b - Call Imp                       Summoning                    2
   c - Call Canine Familiar           Summoning                    3
   d - Summon Guardian Golem          Hexes/Summoning              3
   e - Summon Lightning Spire         Summoning/Air                4
   f - Summon Ice Beast               Ice/Summoning                4
 P - a book of Beasts

   Spells                             Type                      Level
   a - Summon Butterflies             Summoning                    1
   b - Call Canine Familiar           Summoning                    3
   c - Summon Ice Beast               Ice/Summoning                4
   d - Summon Mana Viper              Hexes/Summoning              5
   e - Summon Hydra                   Summoning                    7
 S - a book of Debilitation

   Spells                             Type                      Level
   a - Corona                         Hexes                        1
   b - Slow                           Hexes                        2
   c - Gell's Gravitas                Hexes/Translocation          3
   d - Inner Flame                    Hexes/Fire                   3
   e - Cause Fear                     Hexes                        4
   f - Leda's Liquefaction            Hexes/Earth                  4
 U - a book of Frost

   Spells                             Type                      Level
   a - Freeze                         Ice                          1
   b - Throw Frost                    Conjuration/Ice              2
   c - Ozocubu's Armour               Charms/Ice                   3
   d - Throw Icicle                   Conjuration/Ice              4
   e - Summon Ice Beast               Ice/Summoning                4
   f - Condensation Shield            Ice                          4
 V - a manual of Staves
Comestibles
 c - 14 bread rations {@e1}
 q - 6 royal jellies
 y - 3 chunks of flesh
 H - 8 slices of pizza
 I - 2 fruits
 N - 8 meat rations {@e2}
 Y - a beef jerky


   Skills:
 - Level 4.7 Fighting
 - Level 5.1 Dodging
 - Level 7.0 Stealth
 - Level 4.2 Shields
 - Level 9.1 Unarmed Combat
 + Level 11.8 Spellcasting
 - Level 13.0 Conjurations
 - Level 2.0 Translocations
 - Level 8.5 Transmutations
 - Level 2.4 Fire Magic
 - Level 10.2 Ice Magic
 - Level 5.0 Air Magic
 - Level 2.2 Poison Magic


You had one spell level left.
You knew the following spells:

 Your Spells              Type           Power        Failure   Level  Hunger
c - Airstrike             Air            ####......   6%          4    #......
d - Sticks to Snakes      Trmt           #####.....   4%          2    None
g - Ice Form              Ice/Trmt       ######..     7%          4    #......
h - Blade Hands           Trmt           #####.....   16%         5    ####...
j - Mephitic Cloud        Conj/Pois/Air  #####...     1%          3    None
k - Conjure Flame         Conj/Fire      #####...     1%          3    None
m - Bolt of Fire          Conj/Fire      #####.....   14%         6    ######.
r - Repel Missiles        Chrm/Air       ###...       12%         2    None
v - Sting                 Conj/Pois      ####         1%          1    None
w - Blink                 Tloc           N/A          13%         2    None
x - Throw Icicle          Conj/Ice       ######..     1%          4    #......


Dungeon Overview and Level Annotations

Branches:
Dungeon (9/15)             Temple (1/1) D:5            Lair (8/8) D:8
  Swamp (0/4) Lair:5        Snake (0/4) Lair:3        Slime (0/6) Lair:7
    Orc (1/4) D:9

Altars:
Ashenzari
Cheibriados
Dithmenos
Elyvilon
Fedhas
Gozag
Kikubaaqudgha
Makhleb
Nemelex Xobeh
Okawaru
Qazlal
Ru
Sif Muna
Trog
Vehumet
Xom
Yredelemnul
Zin
The Shining One
Jiyva

Annotations:
D:9 Erolcha, Gastronok
Lair:1 exclusions: hydra and oklob plant
Lair:4 exclusion: hydra
Lair:6 exclusion: hydra
Lair:7 exclusions: spriggan, 2 spriggan druids and torpor snail
Lair:8 1 runed door, exclusions: upstairs and 1 more exclusion


Innate Abilities, Weirdness & Mutations

You cannot wear most types of armour.
You are amphibious.
You can wear up to eight rings at the same time.
You can use your tentacles to constrict eight enemies at once.
Your skin changes colour to match your surroundings (Stealth).
Your rubbery body absorbs attacks (AC +1).


Message History

Aiming: Throw Icicle
Press: ? - help, Shift-Dir - straight line, f/p - five-headed hydra
Aim: a five-headed hydra (severely wounded)
The shard of ice hits the five-headed hydra.
The five-headed hydra is almost dead.
The five-headed hydra bites you!
The five-headed hydra closely misses you.
The five-headed hydra bites you! x3
Casting: Throw Icicle
Confirm with . or Enter, or press ? or * to list all spells.
You miscast Blink.
You are very lightly contaminated with residual magic.
The world appears momentarily distorted!
The five-headed hydra bites you.
* * * LOW HITPOINT WARNING * * *
The five-headed hydra closely misses you. x2
The five-headed hydra bites you!
* * * LOW HITPOINT WARNING * * *
The five-headed hydra bites you!
You die...

♣♣..≈. ..♣ #...
♣♣.♣≈≈≈♣♣.♣♣ #...
♣.≈≈♣♣≈≈♣..♣ #...
♣♣≈≈..♣♣≈..♣♣ #...
♣♣≈≈≈.♣♣♣≈≈≈.♣ #...
♣..≈..♣..♣≈≈♣♣ #... ≈
♣♣♣≈..♣..♣.≈≈♣ #...
.≈≈.♣♣≈≈.♣♣..♣♣♣≈.♣ #...
..≈≈≈≈D@.♣...♣♣≈≈♣♣ #...
..P≈≈≈≈..♣♣♣.♣♣.≈♣♣ #.[.
♣...≈≈.♣♣♣ ♣♣♣♣.≈≈♣♣#...
♣♣♣♣♣♣♣ ###...≈≈.#...
#########..........P.
##.....##........#....
####.#...P###.......###.#
##.##.#..P####.........P.#
#........##.#...........P#


You could see a five-headed hydra.

Vanquished Creatures
  Maud (Lair:8)
  Snorg (Lair:7)
  A minotaur (Lab)
  5 hydras
  11 death yaks
  A necromancer (Lair:5)
  Pikel (D:6)
  8 black mambas
  2 griffons
  12 elephants
  Maurice (D:9)
  4 torpor snails
  15 spiny frogs
  11 komodo dragons
  2 fire drakes
  A queen bee (Lair:1)
  2 giant leeches (Lair:8)
  4 polar bears
  A two-headed ogre (D:8)
  A slime creature (D:6)
  15 blink frogs
  9 spriggans (Lair:7)
  Sigmund (D:3)
  2 wyverns
  36 yaks
  A hungry ghost (D:7)
  4 basilisks
  8 wolves (Lair:8)
  A human (D:7)
  12 hippogriffs
  A mottled dragon (Lair:8)
  3 nagas (Lair:3)
  2 wargs (D:8)
  2 slaves (D:6)
  14 water moccasins
  15 porcupines
  A sky beast (D:8)
  3 swamp drakes
  2 ogres
  2 ice beasts
  3 centaurs
  3 wasps
  8 orc warriors
  2 necrophages
  23 crocodiles
  2 phantoms (D:9)
  23 giant frogs
  2 brain worms (Lair:8)
  Blork the orc (D:6)
  A gnoll sergeant (D:8)
  A big kobold (D:8)
  A water moccasin zombie (D:6)
  3 wyvern skeletons
  5 scorpions
  29 killer bees
  2 electric eels (Lair:5)
  8 crimson imps
  2 wights (D:6)
  A giant frog zombie (D:6)
  4 hounds
  13 orc priests
  A wasp zombie (D:7)
  8 jellies
  A quasit (D:8)
  A basilisk zombie (Lair:5)
  A centaur skeleton (D:4)
  18 orc wizards
  Jessica (D:2)
  4 worker ants
  18 iguanas
  11 sheep
  A crocodile zombie (Lair:5)
  2 hound skeletons
  14 adders
  4 worker ant zombies
  8 gnolls
  44 river rats
  A shadow imp (D:9)
  16 oozes
  2 adder skeletons
  13 worms
  3 giant geckos
  62 orcs
  A ball python (D:2)
  4 giant cockroaches
  10 hobgoblins
  14 kobolds
  5 bats
  A giant gecko skeleton (D:4)
  3 giant newts
  5 goblins
  A goblin skeleton (D:5)
  A goblin zombie (D:5)
  3 hobgoblin zombies (D:5)
  20 jackals
  2 kobold skeletons (D:5)
  A kobold zombie (D:5)
  2 orc zombies (D:5)
  7 quokkas
  A quokka skeleton (D:6)
  7 rats
  A fungus (Lair:4)
  3 plants
682 creatures vanquished.

Vanquished Creatures (collateral kills)
  An ogre (D:4)
  2 killer bees
  A worker ant (D:4)
  A gnoll (D:1)
  2 adders
7 creatures vanquished.

Vanquished Creatures (others)
  A killer bee (D:9)
  A wight (D:6)
  An orc (D:9)
  A giant cockroach zombie (D:6)
  71 fungi
  64 plants
139 creatures vanquished.

Grand Total: 828 creatures vanquished

Notes
Turn   | Place    | Note
--------------------------------------------------------------
     0 | D:1      | Medar the Octopode Transmuter began the quest for the Orb.
     0 | D:1      | Reached XP level 1. HP: 13/13 MP: 3/3
   316 | D:1      | Reached XP level 2. HP: 12/18 MP: 3/5
   578 | D:1      | Learned a level 2 spell: Sticks to Snakes
   589 | D:1      | Reached skill level 4 in Unarmed Combat
   702 | D:1      | Reached XP level 3. HP: 10/23 MP: 4/6
   891 | D:1      | Learned a level 3 spell: Spider Form
  1187 | D:1      | Reached skill level 1 in Poison Magic
  1641 | D:2      | Noticed Sigmund
  1721 | D:2      | Noticed Jessica
  2013 | D:2      | Reached XP level 4. HP: 28/28 MP: 5/7
  2072 | D:2      | Killed Jessica
  2125 | D:2      | Reached skill level 1 in Stealth
  2535 | D:3      | Reached XP level 5. HP: 33/33 MP: 8/8
  3138 | D:4      | Noticed an ogre
  3184 | D:3      | Reached skill level 5 in Unarmed Combat
  3348 | D:4      | Reached XP level 6. HP: 33/38 MP: 5/9
  3441 | D:3      | HP: 1/38 [hound (5)]
  3827 | D:4      | Found an opulent altar of Gozag.
  4441 | D:4      | Killed an ogre
  4595 | D:4      | Reached XP level 7. HP: 43/43 MP: 2/10
  4601 | D:4      | Learned a level 4 spell: Ice Form
  4953 | D:4      | Reached skill level 1 in Ice Magic
  5213 | D:4      | Reached skill level 5 in Transmutations
  6227 | D:5      | Entered Level 5 of the Dungeon
  6346 | D:5      | Found a glowing golden altar of the Shining One.
  6467 | D:5      | Reached XP level 8. HP: 48/48 MP: 7/11
  6622 | D:5      | Found a stormy altar of Qazlal.
  6740 | D:5      | Found a staircase to the Ecumenical Temple.
  6794 | Temple   | Entered the Ecumenical Temple
  6820 | Temple   | Became a worshipper of Vehumet
  7073 | D:5      | Found a blossoming altar of Fedhas.
  7545 | D:6      | Reached skill level 6 in Transmutations
  7680 | D:6      | Reached skill level 7 in Transmutations
  7980 | D:6      | Noticed Blork the orc
  7998 | D:6      | Killed Blork the orc
  8048 | D:6      | Noticed a slime creature
  8271 | D:6      | Reached skill level 8 in Transmutations
  8317 | D:6      | Acquired Vehumet's first power
  8317 | D:6      | Offered knowledge of Sting by Vehumet.
  8506 | D:6      | Learned a level 1 spell: Sting
  8635 | D:6      | Found a shattered altar of Ashenzari.
  8640 | D:6      | Found a burning altar of Makhleb.
  8703 | D:6      | Reached XP level 9. HP: 53/53 MP: 13/15
  8710 | D:6      | Learned a level 5 spell: Blade Hands
  9139 | D:6      | Killed a slime creature
  9139 | D:6      | Reached skill level 5 in Spellcasting
  9163 | D:6      | Noticed Pikel
  9177 | D:6      | Killed Pikel
  9368 | D:6      | Reached skill level 5 in Conjurations
  9917 | D:6      | Offered knowledge of Flame Tongue by Vehumet.
  9920 | D:6      | Learned a level 1 spell: Flame Tongue
 10479 | D:3      | Killed Sigmund
 11304 | D:7      | Reached XP level 10. HP: 61/61 MP: 12/17
 11428 | D:7      | Reached skill level 1 in Fire Magic
 11613 | D:7      | Found a deep blue altar of Sif Muna.
 12146 | D:8      | Offered knowledge of Static Discharge by Vehumet.
 12260 | D:8      | Found a staircase to the Lair.
 12365 | D:8      | Acquired Vehumet's second power
 12700 | D:7      | Learned a level 3 spell: Mephitic Cloud
 12830 | D:8      | Reached skill level 1 in Air Magic
 13233 | D:8      | Offered knowledge of Fulminant Prism by Vehumet.
 13508 | D:9      | Noticed Gastronok
 13565 | Lair:1   | Entered Level 1 of the Lair of Beasts
 13719 | Lair:1   | Reached XP level 11. HP: 55/66 MP: 5/21
 13985 | Lair:1   | Noticed a black mamba
 13994 | D:8      | Learned a level 3 spell: Conjure Flame
 14004 | Lair:1   | Killed a black mamba
 14271 | Lair:1   | Acquired Vehumet's third power
 14316 | Lair:1   | Noticed a black mamba
 14327 | Lair:1   | Killed a black mamba
 14376 | Lair:1   | Noticed a seven-headed hydra
 14435 | Lair:1   | Reached skill level 5 in Dodging
 14435 | Lair:1   | Reached skill level 9 in Unarmed Combat
 14435 | Lair:1   | Reached XP level 12. HP: 70/75 MP: 22/22
 14481 | Lair:1   | Noticed an oklob plant
 14797 | Lair:1   | Offered knowledge of Airstrike by Vehumet.
 14940 | Lair:1   | Learned a level 4 spell: Airstrike
 15496 | Lair:2   | Reached skill level 5 in Air Magic
 15768 | Lair:2   | Found a labyrinth entrance.
 15781 | Lab      | Entered a labyrinth
 16207 | Lab      | Noticed a minotaur
 16233 | Lab      | Killed a minotaur
 16490 | Lair:2   | Reached skill level 10 in Conjurations
 16996 | Lair:3   | Found a staircase to the Snake Pit.
 17495 | Lair:3   | Noticed a death yak
 17496 | Lair:3   | Noticed a death yak
 17497 | Lair:3   | Noticed a death yak
 17888 | Lair:3   | Offered knowledge of Bolt of Fire by Vehumet.
 17991 | Lair:3   | Reached XP level 13. HP: 81/81 MP: 4/25
 18006 | Lair:3   | Learned a level 6 spell: Bolt of Fire
 18191 | Lair:2   | Reached skill level 1 in Shields
 18579 | D:9      | Found an ancient bone altar of Kikubaaqudgha.
 19153 | D:9      | Noticed Erolcha
 19426 | D:9      | Noticed Maurice
 19650 | D:9      | Killed Maurice
 19692 | D:9      | Found a staircase to the Orcish Mines.
 19734 | Orc:1    | Entered Level 1 of the Orcish Mines
 22065 | Lair:4   | Reached skill level 10 in Spellcasting
 22342 | Lair:5   | Learned a level 4 spell: Throw Icicle
 22621 | Lair:5   | Found a staircase to the Swamp.
 23815 | Lair:5   | Reached skill level 5 in Ice Magic
 25572 | Lair:6   | Offered knowledge of Iskenderun's Mystic Blast by Vehumet.
 26413 | Lair:7   | Found a viscous altar of Jiyva.
 26413 | Lair:7   | Found a staircase to the Slime Pits.
 26732 | Lair:6   | Reached XP level 14. HP: 66/86 MP: 12/28
 27692 | Lair:7   | Reached skill level 10 in Ice Magic
 28449 | Lair:7   | Noticed Snorg
 28457 | Lair:7   | Killed Snorg
 29133 | Lair:7   | Learned a level 2 spell: Blink
 29318 | Lair:6   | Reached skill level 11 in Spellcasting
 29942 | Lair:8   | Entered Level 8 of the Lair of Beasts
 29960 | Lair:8   | Offered knowledge of Bolt of Magma by Vehumet.
 30088 | Lair:7   | Reached skill level 1 in Translocations
 30843 | Lair:7   | Learned a level 2 spell: Repel Missiles
 32701 | Lair:8   | Noticed Maud
 32714 | Lair:8   | Killed Maud
 32714 | Lair:8   | Reached skill level 12 in Conjurations
 32899 | Lair:8   | Found a runed door.
 32909 | Lair:8   | Reached XP level 15. HP: 64/90 MP: 3/30
 33834 | Lair:8   | Reached skill level 13 in Conjurations
 34060 | Lair:8   | Slain by a five-headed hydra

Vault maps used:
D:1:      sevenhm_arrival_forest_fort_small_4
D:2:      first_bread, uniq_jessica, uniq_sigmund
D:4:      grunt_gozag_breadcrumbs, minmay_cut_off
D:5:      overflow_temple_1_default, nicolae_tso_besieged_by_evil,
          minmay_temple_entry_poolview, fedhas_altar_1
D:6:      lemuel_slime, gammafunk_temple_overflow_statue, grunt_ministairs_14,
          eino_tiny_chamber, abandoned_shop, minmay_misc_feat_room,
          lightli_orcish_oven, uniq_blork_the_orc, uniq_pikel
D:7:      old_standard_altar, hex_large, grunt_livestock
D:8:      erik_lair_orcish_takeover
D:9:      kiku_gazebo_garden_becter, erik_orc_1, uniq_erolcha, uniq_gastronok,
          uniq_maurice
Temple:   circular_temple_12
Lair:1:   minivault_23, minmay_lair_oklob_bushes
Lair:2:   lab_entry_generic, beast_lair_carwin_8
Lair:3:   minmay_snake_entry_guardpost_small, grunt_megastairs_4
Lair:5:   pond_and_an_island_with_a_cottage, swamp_mist_pool,
          grunt_forest_stairs_basic, fungi_pond_lemuel
Lair:6:   serial_bayou_shore_b
Lair:7:   forest_paths, slime_altar_1, uniq_snorg
Lair:8:   wormcave, guppyfry_lair_end_dragon, guppyfry_lair_drakes,
          grunt_megastairs_2, infiniplex_staircase_pool, uniq_maud
Orc:1:    serial_shops, shop, uniq_fannar
Lab:      labyrinth_watery

Action                   |  1- 3 |  4- 6 |  7- 9 | 10-12 | 13-15 || total
-------------------------+-------+-------+-------+-------+-------++-------
Melee: Unarmed           |    84 |   114 |   423 |   479 |   511 ||  1611
 Fire: Blowgun           |       |       |       |       |     8 ||     8
 Cast: Beastly Appendage |    19 |    10 |     5 |       |       ||    34
       Sticks to Snakes  |     6 |    12 |     9 |       |     1 ||    28
       Spider Form       |     1 |    15 |    31 |    10 |       ||    57
       Ice Form          |       |       |    13 |    37 |    15 ||    65
       Blade Hands       |       |       |     1 |     8 |    30 ||    39
       Flame Tongue      |       |       |     1 |     3 |       ||     4
       Sting             |       |       |       |   108 |    81 ||   189
       Mephitic Cloud    |       |       |       |    23 |    53 ||    76
       Conjure Flame     |       |       |       |     8 |    13 ||    21
       Airstrike         |       |       |       |    31 |    44 ||    75
       Throw Icicle      |       |       |       |       |   453 ||   453
       Blink             |       |       |       |       |     3 ||     3
       Repel Missiles    |       |       |       |       |     1 ||     1
 Abil: End Transformatio |       |       |     5 |     3 |     5 ||    13
Evoke: Wand              |       |       |       |     6 |       ||     6
  Use: Scroll            |       |     6 |     5 |    13 |     7 ||    31
       Potion            |       |     3 |     1 |    10 |       ||    14
 Stab: Sleeping          |     2 |     5 |     6 |    11 |     4 ||    28
       Distracted        |       |       |     1 |       |     1 ||     2
       Confused          |       |       |       |     5 |    21 ||    26
  Eat: Chunk             |     4 |    12 |    15 |    26 |    61 ||   118
       Beef jerky        |       |       |     1 |     2 |     4 ||     7
       Pizza             |       |       |     1 |       |     1 ||     2
       Meat ration       |       |       |     2 |     1 |       ||     3
       Fruit             |       |       |       |     2 |       ||     2
       Royal jelly       |       |       |       |     3 |     7 ||    10
